 Dungeon Crawl Stone Soup version 0.30-a0-377-g5cb311bc9f (webtiles) character file.

Game seed: 11190798838432596347

366 oldriver the Magician (level 6, 0/48 HPs)
             Began as a Mummy Necromancer on Nov 27, 2022.
             Slain by Menkaure (7 damage)
             ... in an ossuary.
             The game lasted 00:05:09 (4924 turns).

oldriver the Magician (Mummy Necromancer)           Turns: 4924, Time: 00:05:09

Health: 0/48       AC:  7    Str: 18    XL:     6   Next: 40%
Magic:  14/14      EV: 12    Int: 16    God:
Gold:   149        SH:  0    Dex: 12    Spells: 7/15 levels left

rFire   x . .      SeeInvis .    m - +2 dagger (speed)
rCold   + . .      Faith    +    (no shield)
rNeg    + + +      Spirit   .    k - +2 robe {Will+}
rPois   ∞          Reflect  .    f - +1 helmet
rElec   .          Harm     .    (no cloak)
rCorr   .          Rampage  .    h - +0 pair of gloves
Will    +....                    (no boots)
Stlth   ++........               (no amulet)
HPRegen 0.28/turn                l - +6 ring of strength
MPRegen 0.14/turn                (no ring)

@: no status effects
A: cold resistance 1, negative energy resistance 3, torment resistance 2, heat
vulnerability 1, in touch with death 1, no potions, faith
a: no special abilities


You were in an ossuary.
You visited 1 branch of the dungeon, and saw 4 of its levels.
You also visited: Ossuary.

You collected 149 gold pieces.

Inventory:

Hand Weapons
 m - a +2 dagger of speed (weapon)
Armour
 f - a +1 helmet (worn)
 h - a +0 pair of gloves (worn)
 k - a +2 robe of willpower (worn)
Jewellery
 l - a +6 ring of strength (left hand)
Wands
 i - a wand of charming (8)
Scrolls
 b - 2 scrolls of identify
 d - 2 scrolls of enchant armour


   Skills:
 + Level 3.6 Fighting
 + Level 1.1 Armour
 - Level 1.5 Dodging
 - Level 1.5 Stealth
 + Level 5.4 Spellcasting
 - Level 5.0 Necromancy


You had 7 spell levels left.
You knew the following spells:

 Your Spells              Type           Power      Damage    Failure   Level
a - Necrotise             Necr           100%       1d9       1%          1
b - Vampiric Draining     Necr           30%        2d8       5%          3
c - Animate Dead          Necr           30%        N/A       19%         4

Your spell library contained the following spells:

 Spells                   Type           Power      Damage    Failure   Level
 Sting                    Tmut/Pois      16%        1d3       14%         1
 Poisonous Vapours        Pois/Air       8%         N/A       22%         2
 Agony                    Necr           30%        N/A       45%         5
 Olgreb's Toxic Radiance  Pois           4%         N/A       82%         4


Dungeon Overview and Level Annotations

Branches:
Dungeon (4/15)            Ossuary (1/1)
 Temple: D:4-7

Altars:
Yredelemnul

Shops:
D:2 [   D:3 [

Annotations:
Ossuary Menkaure


Innate Abilities, Weirdness & Mutations

You are immune to poison.
Your flesh is cold resistant. (rC+)
You are immune to negative energy. (rN+++)
You are immune to unholy pain and torment.
You are vulnerable to heat. (rF-)
You are in touch with the powers of death.
You do not drink.
You have a special connection with the divine. (Faith)


Message History

Menkaure is lightly damaged.
You closely miss Menkaure.
Menkaure is lightly damaged.
Menkaure closely misses you.
You hit Menkaure but do no damage.
Menkaure is lightly damaged.
You barely miss Menkaure.
Menkaure is lightly damaged.
Menkaure barely misses you.
You hit Menkaure.
Menkaure is lightly damaged.
You hit Menkaure.
Menkaure is moderately damaged.
Menkaure hits you but does no damage.
You barely miss Menkaure.
Menkaure is moderately damaged.
Menkaure hits you!
* * * LOW HITPOINT WARNING * * *
You hit Menkaure. You punch Menkaure.
Menkaure is moderately damaged.
You hit Menkaure.
Menkaure is moderately damaged.
Menkaure barely misses you.
You hit Menkaure but do no damage.
Menkaure is moderately damaged.
You hit Menkaure but do no damage.
Menkaure is moderately damaged.
Menkaure closely misses you.
You completely miss Menkaure.
Menkaure is moderately damaged.
You hit Menkaure but do no damage.
Menkaure is moderately damaged.
Menkaure hits you!
* * * LOW HITPOINT WARNING * * *
You hit Menkaure.
Menkaure is moderately damaged.
You hit Menkaure.
Menkaure is heavily damaged.
Menkaure hits you!
You die...

..## ##..##..## .## ##..##..## ##
##..##..## # ##..##..##
##..##..## ##..##..## ##..##..##
#####################..##..##..##
................@MZZ....##..##..#
###########################..##..
..............................##∩
#################################


You could see Menkaure, a goblin zombie and a kobold skeleton.

Vanquished Creatures
  A scorpion (D:3)
  A necrophage (D:4)
  An orc priest (D:3)
  3 mummies (Ossuary)
  2 adders
  3 gnolls (D:2)
  2 dart slugs
  7 orcs
  8 ball pythons
  5 endoplasms
  3 giant cockroaches
  5 gnoll zombies (Ossuary)
  7 goblins
  5 hobgoblins
  5 jackals
  6 kobolds
  2 quokkas (D:1)
  11 bats
  7 frilled lizards
  3 gnoll skeletons (Ossuary)
  3 goblin skeletons (Ossuary)
  2 goblin zombies (Ossuary)
  3 hobgoblin skeletons (Ossuary)
  A hobgoblin zombie (Ossuary)
  4 kobold skeletons (Ossuary)
  4 kobold zombies (Ossuary)
  2 orc skeletons (Ossuary)
  5 orc zombies (Ossuary)
  10 rats
  3 rat skeletons (Ossuary)
  2 rat zombies (Ossuary)
126 creatures vanquished.

Vanquished Creatures (collateral kills)
  A gnoll (D:2)
  A ball python (D:1)
  A bat (D:3)
3 creatures vanquished.

Vanquished Creatures (others)
  A jackal (D:4)
1 creature vanquished.

Grand Total: 130 creatures vanquished

Notes
Turn   | Place    | Note
-------+----------+-------------------------------------------
     0 | D:1      | oldriver the Mummy Necromancer began the quest for the Orb.
     0 | D:1      | Reached XP level 1. HP: 13/13 MP: 4/4
    44 | D:1      | Found a faded altar of an unknown god.
   328 | D:1      | Reached XP level 2. HP: 5/20 MP: 0/6
   571 | D:1      | Reached skill level 1 in Fighting
  1184 | D:1      | Gained mutation: You are in touch with the powers of death.
                  | [Mummy growth]
  1184 | D:1      | Reached XP level 3. HP: 26/26 MP: 5/7
  1631 | D:2      | Found Xuwawyt's Armour Shoppe.
  1770 | D:2      | Found a basalt altar of Yredelemnul.
  1972 | D:2      | Reached XP level 4. HP: 33/33 MP: 0/9
  2818 | D:3      | Reached XP level 5. HP: 39/39 MP: 4/11
  3012 | D:3      | Reached skill level 5 in Necromancy
  3459 | D:3      | Found Odduc's Armour Shoppe.
  3547 | D:3      | Reached skill level 5 in Spellcasting
  3741 | D:3      | Learned a level 3 spell: Vampiric Draining
  3746 | D:3      | Learned a level 4 spell: Animate Dead
  4097 | D:4      | Reached XP level 6. HP: 41/47 MP: 13/13
  4128 | D:4      | Found a sand-covered staircase.
  4137 | Ossuary  | Entered an ossuary
  4617 | Ossuary  | Reached skill level 1 in Armour
  4877 | Ossuary  | Noticed Menkaure
  4924 | Ossuary  | Slain by Menkaure

Illustrated notes

Levels and vault maps discovered:
D:1:      dpeg_arrival_line_fractal, layout_loops_corners,
          chequers_ecumenical_altar_island
D:2:      layout_loops_cross, serial_shops, nicolae_shop_stone, basic_altar
D:3:      layout_basic, serial_shops, nicolae_shop_hallway_stairs,
          kennysheep_generic_room_12
D:4:      layout_basic, nicolae_ossuary_entry_ruins, uniq_pikel
Ossuary:  ossuary_due_pyramid

Skill      XL: |  1  2  3  4  5  6 |
---------------+-------------------+-----
Spellcasting   | 3 4 5 |  5.4
Fighting       | 1 2 3 |  3.6
Necromancy     | 5 |  5.0
Armour         | 1 |  1.1
Dodging        | |  1.5
Stealth        | |  1.5

Action                   |  1- 3 |  4- 6 || total
-------------------------+-------+-------++-------
Melee: Unarmed           |    15 |     1 ||    16
       Dagger            |       |   245 ||   245
       Punch             |       |     5 ||     5
 Cast: Necrotise         |    78 |    85 ||   163
  Use: Scroll            |       |     6 ||     6
 Stab: Sleeping          |       |     1 ||     1
Armor: Robe              |     6 |    45 ||    51
Dodge: Dodged            |    21 |    79 ||   100

Table legend: (Time is in decaauts)
 A = Elapsed time spent in this place.
 B = Non-inter-level travel time spent in this place.
 C = Inter-level travel time spent in this place.
 D = Time resting spent in this place.
 E = Time spent auto-exploring this place.
 F = Levels seen in this place.
 G = Mean time per level.
                   A        B        C        D        E       F      G
               +--------+--------+--------+--------+--------+-----+--------+
         Total |   4845 |   4738 |    107 |    655 |   3226 |   5 |  969.0 |
       Dungeon |   4134 |   4027 |    107 |    485 |   3008 |   4 | 1033.5 |
       Ossuary |    710 |    710 |      0 |    170 |    218 |   1 |  710.0 |
               +--------+--------+--------+--------+--------+-----+--------+

Top non-repeatable levels by time:
     D:1: 1628 daAuts
     D:3: 1332 daAuts
     D:2: 1081 daAuts
 Ossuary: 710 daAuts
     D:4: 92 daAuts
